 Dungeon Crawl Stone Soup version 0.30-a0-840-ga523dec638 (webtiles) character file.

Game seed: 1232366802551680428

335 cforsyth the Sneak (level 6, 0/38 HPs)
             Began as a Kobold Brigand on Mar 1, 2023.
             Slain by a black bear (6 damage)
             ... on level 4 of the Dungeon.
             The game lasted 00:05:10 (3249 turns).

cforsyth the Sneak (Kobold Brigand)                 Turns: 3249, Time: 00:05:11

Health: 0/38       AC:  4    Str:  9    XL:     6   Next: 84%
Magic:  6/6        EV: 16    Int: 12    God:
Gold:   160        SH:  0    Dex: 18    Spells: 5/5 levels left

rFire   . . .      SeeInvis .    f - +1 short sword (speed)
rCold   . . .      Faith    .    (no shield)
rNeg    . . .      Spirit   .    b - +0 robe
rPois   .          Reflect  .    s - +0 helmet
rElec   .          Harm     .    c - +0 cloak
rCorr   .          Rampage  .    (no gloves)
Will    .....                    (no boots)
Stlth   +++++                    (no amulet)
HPRegen 0.26/turn                (no ring)
MPRegen 0.10/turn                (no ring)

@: no status effects
A: small, no large weapons, nightstalker 3
a: no special abilities


You were on level 4 of the Dungeon.
You visited 1 branch of the dungeon, and saw 4 of its levels.

You collected 160 gold pieces.

Inventory:

Hand Weapons
 f - a +1 short sword of speed (weapon)
Missiles
 d - 9 poisoned darts (quivered)
 e - 3 curare-tipped darts
Armour
 b - a +0 robe (worn)
 c - a +0 cloak (worn)
 s - a +0 helmet (worn)
Jewellery
 p - an amulet of the acrobat
Wands
 q - a wand of flame (13)
Scrolls
 a - 3 scrolls of teleportation {unknown}
 g - a scroll of blinking {unknown}
 h - 3 scrolls of poison {unknown}
 j - 2 scrolls of fear {unknown}
 k - 2 scrolls of fog {unknown}
 m - a scroll of noise {unknown}
 n - a scroll of butterflies {unknown}
 o - 2 scrolls of vulnerability {unknown}
Potions
 i - 2 potions of ambrosia {unknown}
 l - 2 potions of curing {unknown}
 r - a potion of degeneration {unknown}


   Skills:
 + Level 4.0 Fighting
 + Level 5.0 Short Blades
 - Level 2.1 Throwing
 + Level 3.9 Dodging
 + Level 7.0 Stealth


You had 5 spell levels left.
You didn't know any spells.
Your spell library contained the following spells:

 Spells                   Type           Power      Damage    Failure   Level
 Magic Dart               Conj           0%         1d3       32%         1
 Call Imp                 Summ           0%         N/A       45%         2
 Inner Flame              Hex/Fire       0%         N/A       69%         3
 Mephitic Cloud           Conj/Pois/Air  0%         N/A       69%         3
 Cause Fear               Hex            0%         N/A       97%         4
 Discord                  Hex            0%         N/A       100%        8


Dungeon Overview and Level Annotations

Branches:
Dungeon (4/15)
 Temple: D:4-7

Altars:
Ru


Innate Abilities, Weirdness & Mutations

You are small and have problems with some larger weapons.
You are completely attuned to the shadows.


Message History

You hit the black bear but do no damage.
The black bear is moderately wounded.
The kobold throws a stone.
The stone closely misses you.
The kobold hits you with a +1 short sword of protection.
The black bear closely misses you. x2; The black bear misses you.
You hit the black bear.
The black bear is heavily wounded.
You hit the black bear.
The black bear is heavily wounded.
The black bear misses you.
The black bear claws you but does no damage. x2
The kobold hits you but does no damage.
You barely miss the black bear.
The black bear is heavily wounded.
You barely miss the black bear.
The black bear is heavily wounded.
The black bear bites you! The black bear misses you. The black bear claws you.
* * * LOW HITPOINT WARNING * * *
The kobold completely misses you.
You are too injured to fight recklessly!
You are too injured to fight recklessly!
You are too injured to fight recklessly!
You are too injured to fight recklessly!
You are too injured to fight recklessly!
You are too injured to fight recklessly!
The kobold throws a stone.
The stone hits you but does no damage.
The black bear attacks as you move away!
The black bear misses you. The black bear closely misses you.
The black bear barely misses you. The kobold attacks as you move away!
The kobold hits you with a +1 short sword of protection.
* * * LOW HITPOINT WARNING * * *
The kobold attacks as you move away! The kobold closely misses you.
The black bear attacks as you move away!
The black bear completely misses you. The black bear claws you.
* * * LOW HITPOINT WARNING * * *
The black bear claws you.
* * * LOW HITPOINT WARNING * * *
The black bear attacks as you move away!
The black bear bites you.
You die...

... #.# #.#### .# #.#
#....##.##
#.###.........
##########.##K.......#
##...........@h.K...†.#
##...##########........#
.....# ##.........
##>.<# ##...##### #####
##.## .#


You could see a black bear and 2 kobolds.

Vanquished Creatures
  Sigmund (D:3)
  An orc priest (D:3)
  Jessica (D:3)
  An orc wizard (D:3)
  A gnoll (D:1)
  2 adders
  A dart slug (D:1)
  9 orcs (D:3)
  7 ball pythons
  2 endoplasms
  A giant cockroach (D:2)
  3 goblins (D:3)
  9 hobgoblins
  2 jackals (D:1)
  2 kobolds
  2 quokkas (D:2)
  4 bats
  2 frilled lizards (D:1)
  4 rats
55 creatures vanquished.

Notes
Turn   | Place    | Note
-------+----------+-------------------------------------------
     0 | D:1      | cforsyth the Kobold Brigand began the quest for the Orb.
     0 | D:1      | Reached XP level 1. HP: 12/12 MP: 1/1
   307 | D:1      | Reached XP level 2. HP: 18/18 MP: 2/2
   907 | D:1      | Reached XP level 3. HP: 22/22 MP: 3/3
  1582 | D:2      | Reached XP level 4. HP: 27/27 MP: 4/4
  1703 | D:3      | Reached skill level 6 in Stealth
  1896 | D:3      | Reached XP level 5. HP: 32/32 MP: 5/5
  2006 | D:3      | Noticed Jessica
  2014 | D:3      | Killed Jessica
  2560 | D:3      | Found a sacrificial altar of Ru.
  2658 | D:3      | Noticed Sigmund
  3066 | D:3      | Killed Sigmund
  3067 | D:3      | Reached skill level 5 in Short Blades
  3067 | D:3      | Reached skill level 7 in Stealth
  3067 | D:3      | Reached XP level 6. HP: 33/38 MP: 6/6
  3226 | D:4      | Noticed a black bear
  3249 | D:4      | Slain by a black bear

Illustrated notes

Levels and vault maps discovered:
D:1:      dpeg_arrival_arbitrary_b, layout_basic, serial_forest,
          infiniplex_forest_zigzag_1, infiniplex_forest_lined_3,
          infiniplex_forest_lined_room_3, infiniplex_forest_end_3,
          infiniplex_forest_pool, columned_hall_lemuel
D:2:      layout_basic
D:3:      layout_loops_cross, nicolae_ru_the_path_less_chosen,
          roderic_roman_lattice, guppyfry_early_orc_mine, uniq_sigmund,
          uniq_jessica
D:4:      layout_loops_ring, mainiacjoe_overflow_paths,
          mainiacjoe_overflow_tiny_flanked, grunt_ministairs_8,
          minmay_goblin_kobold_house

Skill      XL: |  1  2  3  4  5 |
---------------+----------------+-----
Short Blades   | 3 5 |  5.0
Dodging        | 2 3 |  3.9
Stealth        | 6 7 |  7.0
Fighting       | 3 4 |  4.0
Throwing       | |  2.1

Action                     |  1- 3 |  4- 6 || total
---------------------------+-------+-------++-------
  Melee: Short sword       |    61 |   120 ||   181
         Dagger            |     1 |       ||     1
         Punch             |       |     2 ||     2
   Stab: Sleeping          |    15 |    12 ||    27
 Armour: Robe              |     6 |    14 ||    20
  Dodge: Dodged            |    23 |    72 ||    95

Table legend: (Time is in decaauts)
 A = Elapsed time spent in this place.
 B = Non-inter-level travel time spent in this place.
 C = Inter-level travel time spent in this place.
 D = Time resting spent in this place.
 E = Time spent auto-exploring this place.
 F = Levels seen in this place.
 G = Mean time per level.
                   A        B        C        D        E       F      G
               +--------+--------+--------+--------+--------+-----+--------+
         Total |   3157 |   3100 |     57 |    718 |   1750 |   4 |  789.2 |
       Dungeon |   3157 |   3100 |     57 |    718 |   1750 |   4 |  789.2 |
               +--------+--------+--------+--------+--------+-----+--------+

Top non-repeatable levels by time:
     D:3: 1396 daAuts
     D:1: 1289 daAuts
     D:2: 437 daAuts
     D:4: 33 daAuts
